 Dungeon Crawl Stone Soup version 0.26.0-7-g794d0892b4 (webtiles) character file.

Game seed: 7860351544067430450

2402 lessens the Carver (level 9, 0/50 HPs)
             Began as a Tengu Abyssal Knight on Jan 11, 2021.
             Was an Elder of Lugonu.
             Killed by nerve-wracking pain
             ... invoked by an orc priest
              (14 damage)
             ... on level 6 of the Dungeon.
             The game lasted 00:07:25 (6977 turns).

lessens the Carver (Tengu Abyssal Knight)           Turns: 6977, Time: 00:07:25

Health: 0/50       AC:  9    Str: 16    XL:     9   Next: 47%
Magic:  23/23      EV: 12    Int: 13    God:    Lugonu [****..]
Gold:   176        SH:  0    Dex: 13    Spells: 8/8 levels left

rFire    . . .     SeeInvis .   a - +1 falchion
rCold    . . .     Faith    .   (no shield)
rNeg     . . .     Spirit   .   w - +0 ring mail
rPois    .         Reflect  .   (helmet restricted)
rElec    .         Harm     .   (no cloak)
rCorr    .         Rampage  .   (no gloves)
Will     .....                  (boots unavailable)
Stlth    +.........             (no amulet)
HPRegen  0.16/turn              E - +4 ring of protection
MPRegen  0.18/turn              q - ring of magical power

@: flying quickly and evasively, quick
A: beak, talons 3, able to fly
a: Stop Flying, Renounce Religion, Depart the Abyss, Bend Space, Banish, Corrupt


You were on level 6 of the Dungeon.
You worshipped Lugonu.
Lugonu was greatly pleased with you.
You visited 1 branch of the dungeon, and saw 6 of its levels.
You visited the Abyss 1 time.

You collected 176 gold pieces.

Inventory:

Hand Weapons
 a - a +1 falchion (weapon)
 I - the +3 war axe of Ruination {antimagic, rPois rC- rN+ Int+7}
   (You found it on level 5 of the Dungeon)

   It reduces the magical energy of the wielder, and disrupts the spells and
   magical abilities of those hit.
   Natural abilities and divine invocations are not affected.
   It affects your intelligence (+7).
   It makes you vulnerable to cold.
   It protects you from poison.
   It protects you from negative energy.
Missiles
 f - 229 stones
 h - 6 poisoned darts
 k - 5 boomerangs of dispersal
 p - 3 silver javelins
 s - 4 boomerangs
 y - 4 curare-tipped darts (quivered)
 z - 5 atropa-tipped darts
Armour
 b - a +0 leather armour
 w - a +0 ring mail (worn)
Jewellery
 n - an uncursed ring of wizardry
 q - a ring of magical power (right hand)
 r - an uncursed ring of fire
 E - a +4 ring of protection (left hand)
Wands
 F - a wand of iceblast (7)
 G - a wand of paralysis (1)
Scrolls
 d - 2 scrolls of noise {unknown}
 i - a scroll of fear {unknown}
 l - 3 scrolls of teleportation {unknown}
 m - 2 scrolls of enchant armour {unknown}
 o - 3 scrolls of blinking {unknown}
 u - 2 scrolls of fog {unknown}
 v - 6 scrolls of identify {unknown}
 x - a scroll of magic mapping {unknown}
 D - a scroll of remove curse {unknown}
Potions
 c - a potion of degeneration
 e - 4 potions of heal wounds
 g - a potion of haste {unknown}
 j - a potion of ambrosia {unknown}
 t - a potion of flight {unknown}
 A - a potion of brilliance {unknown}
 B - a potion of cancellation {unknown}
 C - a potion of mutation {unknown}
 H - a potion of attraction {unknown}
 J - 2 potions of might
 K - a potion of curing {unknown}


   Skills:
 - Level 3.0 Fighting
 + Level 11.8 Long Blades
 - Level 2.1 Armour
 - Level 1.1 Dodging
 + Level 5.7 Invocations


You had 8 spell levels left.
You didn't know any spells.
Your spell library contained the following spells:

 Spells                   Type           Power        Failure   Level
 Animate Skeleton         Necr           0%           50%         1
 Apportation              Tloc           0%           50%         1
 Corona                   Hex            0%           50%         1
 Sandblast                Erth           0%           50%         1
 Summon Small Mammal      Summ           0%           50%         1
 Passwall                 Tmut/Erth      0%           65%         2
 Stone Arrow              Conj/Erth      0%           86%         3
 Petrify                  Tmut/Erth      0%           99%         4
 Lee's Rapid Deconstruct  Erth           0%           100%        5


Dungeon Overview and Level Annotations

Branches:
Dungeon (6/15)             Temple (0/1) D:4

Altars:
Dithmenos
Fedhas
Gozag
Hepliaklqana
Kikubaaqudgha
Qazlal
Wu Jian
Yredelemnul
Zin


Innate Abilities, Weirdness & Mutations

You have a beak for a mouth.
You have claws for feet.
You can fly continuously.


Message History

You kill the orc priest!
Lugonu accepts your kill.
An orc priest comes into view. It is wielding a +0 war axe.
The orc hits you with a +0 club.
* * * LOW HITPOINT WARNING * * *
You barely miss the orc. Your kick misses the orc.
The orc priest miscasts a cantrip.
The orc hits you but does no damage.
You closely miss the orc. You hit the orc. You peck the orc.
The orc is almost dead.
The orc closely misses you.
You riposte.
You slash the orc!
You kill the orc!
Lugonu accepts your kill. The orc barely misses you.
You riposte.
You slash the orc!
You kill the orc!
Lugonu accepts your kill.
The orc priest invokes the aid of Beogh against you.
Pain shoots through your body!
You die...

.# ... ....
.....####
......o.##
#@)## ###
##..###.##
###.#...#####
##........#
##......###
#........##
##.........#
#..........#
##..........##


You could see an orc priest.

Vanquished Creatures
  Pikel (D:4)
  Grinder (D:5)
  A sky beast (D:4)
  A phantom (D:5)
  2 orc warriors (D:6)
  2 ogres
  A centaur (D:6)
  A howler monkey (D:4)
  A centaur zombie (D:5)
  A hound (D:4)
  A jelly (D:6)
  2 quasits
  2 gnoll shamans
  5 orc priests
  11 orc wizards
  An iguana (D:6)
  Ijyb (D:5)
  2 worker ants
  A hound skeleton (D:5)
  Robin (D:2)
  11 gnolls
  8 adders
  2 white imps (D:5)
  2 oozes
  2 adder skeletons
  2 worms
  3 dart slugs
  2 leopard geckos
  17 orcs
  2 ball pythons (D:1)
  3 bats
  5 giant cockroaches
  13 goblins
  7 hobgoblins
  5 jackals
  8 kobolds
  A quokka (D:2)
  2 frilled lizards (D:2)
  8 rats
142 creatures vanquished.

Notes
Turn   | Place    | Note
-------+----------+-------------------------------------------
     0 | Abyss:1  | lessens the Tengu Abyssal Knight began the quest for the
                  | Orb.
     0 | Abyss:1  | Reached XP level 1. HP: 14/14 MP: 3/3
    28 | D:1      | Escaped the Abyss
   343 | D:1      | Reached skill level 3 in Long Blades
   343 | D:1      | Reached XP level 2. HP: 17/19 MP: 4/4
  1364 | D:2      | Found an ornate altar of the Wu Jian Council.
  1372 | D:2      | Found a hazy altar of Hepliaklqana.
  1377 | D:2      | Reached XP level 3. HP: 23/23 MP: 5/5
  1377 | D:2      | Found a shadowy altar of Dithmenos.
  1595 | D:2      | Reached ** piety under Lugonu
  1596 | D:2      | Reached skill level 4 in Long Blades
  1754 | D:2      | Reached XP level 4. HP: 23/28 MP: 6/6
  2058 | D:2      | Noticed Robin
  2061 | D:2      | Killed Robin
  2062 | D:2      | Reached skill level 5 in Long Blades
  2294 | D:3      | Found a blossoming altar of Fedhas.
  2296 | D:3      | Found a glowing silver altar of Zin.
  2585 | D:3      | Found a basalt altar of Yredelemnul.
  2587 | D:3      | Found an opulent altar of Gozag.
  2904 | D:4      | Gained mutation: You can fly continuously. [Tengu growth]
  2904 | D:4      | Reached XP level 5. HP: 32/32 MP: 7/7
  2914 | D:4      | Noticed an ogre
  2921 | D:4      | Reached skill level 6 in Long Blades
  2953 | D:4      | Killed an ogre
  2954 | D:4      | Reached skill level 7 in Long Blades
  2954 | D:4      | Reached XP level 6. HP: 25/37 MP: 8/8
  3290 | D:4      | Reached *** piety under Lugonu
  3293 | D:4      | Reached skill level 8 in Long Blades
  3293 | D:4      | Reached XP level 7. HP: 34/41 MP: 9/9
  3470 | D:4      | Noticed Pikel
  3489 | D:4      | Killed Pikel
  3490 | D:4      | Reached skill level 10 in Long Blades
  3490 | D:4      | Reached XP level 8. HP: 4/46 MP: 10/10
  4500 | D:4      | Found a staircase to the Ecumenical Temple.
  4576 | D:5      | Entered Level 5 of the Dungeon
  4848 | D:5      | Noticed Ijyb
  4868 | D:5      | Killed Ijyb
  4955 | D:5      | Noticed Grinder
  4985 | D:5      | Killed Grinder
  5328 | D:5      | Got a fading war axe
  5329 | D:5      | Identified the +3 war axe of Ruination {antimagic, rPois
                  | rC- rN+ Int+7} (You found it on level 5 of the Dungeon)
  5458 | D:5      | Reached skill level 11 in Long Blades
  5628 | D:5      | Reached **** piety under Lugonu
  5635 | D:5      | Reached XP level 9. HP: 32/50 MP: 13/13
  6044 | D:6      | Found a stormy altar of Qazlal.
  6340 | D:6      | Reached skill level 5 in Invocations
  6587 | D:6      | Found an ancient bone altar of Kikubaaqudgha.
  6977 | D:6      | Killed from afar by an orc priest

Illustrated notes

Levels and vault maps discovered:
D:1:      mrwooster_arrival_statue_3, layout_basic
D:2:      layout_basic, gammafunk_temple_overflow_forgotten, uniq_robin
D:3:      layout_rooms, nicolae_overflow_hidden_temple
D:4:      layout_cave_pools, minmay_temple_entry_from_below_a,
          minmay_misc_feat_tiny, uniq_pikel
D:5:      layout_loops_ring, uniq_grinder, uniq_ijyb
D:6:      layout_cave_pods, old_standard_altar, kiku_gazebo_pond_becter

Skill      XL: |  1  2  3  4  5  6  7  8  9 |
---------------+----------------------------+-----
Long Blades    | 3 4 5 7 8 10 11 | 11.8
Invocations    | 4 5 |  5.7
Fighting       | |  3.0
Armour         | |  2.1
Dodging        | |  1.1

Action                   |  1- 3 |  4- 6 |  7- 9 || total
-------------------------+-------+-------+-------++-------
Melee: Falchion          |    71 |    91 |   254 ||   416
       Kick              |    17 |    26 |    72 ||   115
       Peck              |    14 |    12 |    48 ||    74
Throw: Javelin           |       |     3 |     3 ||     6
       Dart              |       |     2 |     4 ||     6
 Abil: Fly               |       |     1 |       ||     1
Evoke: Wand              |       |       |     5 ||     5
  Use: Potion            |       |     5 |       ||     5
 Stab: Paralysed         |       |       |     5 ||     5
Armor: Leather armour    |    16 |    14 |       ||    30
       Ring mail         |       |    15 |    75 ||    90
Dodge: Dodged            |    43 |    45 |   102 ||   190
       Rpst.: Falchion   |    15 |    15 |    32 ||    62
